 Dungeon Crawl Stone Soup version 0.29.1-15-g9cfb28693d (webtiles) character file.

Game seed: 14435302906633263330

79 H0rd4k the Charlatan (level 4, -1/29 HPs)
             Began as an Octopode Artificer on Mar 16, 2023.
             Slain by an orc wizard
             ... wielding a +0 dagger
              (4 damage)
             ... on level 3 of the Dungeon.
             The game lasted 00:01:30 (2664 turns).

H0rd4k the Charlatan (Octopode Artificer)           Turns: 2664, Time: 00:01:31

Health: -1/29      AC:  1    Str: 11    XL:     4   Next: 38%
Magic:  6/6        EV: 13    Int: 15    God:
Gold:   105        SH:  0    Dex: 12    Spells: 6/6 levels left

rFire   . . .      SeeInvis .   e - staff of poison
rCold   . . .      Faith    .   (no shield)
rNeg    . . .      Spirit   .   (helmet restricted)
rPois   +          Reflect  .   (no amulet)
rElec   .          Harm     .   (no ring)
rCorr   .          Rampage  .   (no ring)
Will    .....                   (no ring)
Stlth   ++........              (no ring)
HPRegen 0.09/turn               (no ring)
MPRegen 0.10/turn               (no ring)
                                (no ring)
                                (no ring)

@: confused, brilliant
A: almost no armour, amphibious, 8 rings, camouflage 1, gelatinous body 1,
(nimble swimmer 1), tentacles
a: no special abilities


You were on level 3 of the Dungeon.
You visited 1 branch of the dungeon, and saw 3 of its levels.

You collected 105 gold pieces.

Inventory:

Magical Staves
 e - a staff of poison (weapon)
Jewellery
 n - a ring of ice
Wands
 b - a wand of flame (15) (quivered)
 c - a wand of charming (15)
 d - a wand of iceblast (5)
Scrolls
 a - 3 scrolls of noise {unknown}
 f - 4 scrolls of identify {unknown}
 h - a scroll of blinking {unknown}
 j - a scroll of enchant weapon {unknown}
 k - a scroll of teleportation {unknown}
 m - a scroll of magic mapping {unknown}
Potions
 g - a potion of brilliance
 i - 2 potions of mutation {unknown}
 l - 2 potions of haste {unknown}
 o - a potion of degeneration {unknown}
 p - a potion of curing {unknown}


   Skills:
 * Level 2.3 Fighting
 + Level 0.9 Staves
 - Level 2.3 Dodging
 - Level 1.3 Stealth
 + Level 1.2 Unarmed Combat
 * Level 1.8 Spellcasting
 * Level 1.2 Poison Magic
 - Level 3.2 Evocations


You had 6 spell levels left.
You didn't know any spells.
Your spell library was empty.

Dungeon Overview and Level Annotations

Branches:
Dungeon (3/15)

Altars:

Shops:
D:1 ?

Annotations:
D:3 3 runed translucent doors, oneeeeegina's ghost, weakling DjFE


Innate Abilities, Weirdness & Mutations

You cannot wear most types of armour.
You are amphibious.
You can wear up to eight rings at the same time.
Your skin changes colour to match your surroundings (Stealth+).
Your rubbery body absorbs attacks. (AC +1, EV +1)
((You are camouflaged when in or above water. (Stealth+)))
You have tentacles for arms and can constrict up to eight enemies at once.


Message History

You hit the orc but do no damage. You grab the orc.
You squeeze the orc, but do no damage.
You constrict the orc, but do no damage.
The orc hits you with a +0 hand axe.
You completely miss the orc. You squeeze the orc, but do no damage.
You constrict the orc, but do no damage.
The orc wizard mumbles some strange words.
The orc wizard flickers and vanishes!
Deactivating autopickup; reactivate with Ctrl-A.
The orc misses you.
You hit the orc but do no damage.
You envenom the orc.
The orc is poisoned.
The orc is lightly wounded.
You constrict the orc. The orc hits you but does no damage.
You hit the orc but do no damage.
You envenom the orc.
The orc looks even sicker.
You squeeze the orc, but do no damage.
The orc is moderately wounded.
You constrict the orc, but do no damage.
The orc hits you with a +0 hand axe. The orc barely misses you.
You hit the orc.
The orc is almost dead.
You constrict the orc, but do no damage.
The orc hits you with a +0 hand axe.
You hit the orc.
You envenom the orc.
You kill the orc!
You miss something. Something hits you.
* * * LOW HITPOINT WARNING * * *
You hit something. Something hits you.
* * * LOW HITPOINT WARNING * * *
You miss something. Something hits you.
* * * LOW HITPOINT WARNING * * *
You closely miss something.
You hear some strange, mumbled words.
You are confused.
Something hits you.
* * * LOW HITPOINT WARNING * * *
Unknown command.
It was a potion of brilliance.
You feel clever all of a sudden. Something hits you.
You die...

....o.............#.#######
##########.########.#......
#.# #.#...... #.# #.#..####
#.# #.#...... #o# #.##.###.
#o# #........ #{# ####.####
#@# #..... #.# #..### #.#
##..# #.# #...# #.# #...#.#
#.# #...#.. #.# #...### #.#
#...... #g# #..####


You could see 2 orcs.

Vanquished Creatures
  3 adders
  A worm (D:2)
  A dart slug (D:1)
  An orc (D:3)
  3 ball pythons
  3 bats
  3 endoplasms
  3 giant cockroaches
  5 goblins
  3 hobgoblins
  3 kobolds
  A quokka (D:1)
  14 frilled lizards
  2 rats (D:1)
46 creatures vanquished.

Vanquished Creatures (others)
  8 plants (D:2)
8 creatures vanquished.

Grand Total: 54 creatures vanquished

Notes
Turn   | Place    | Note
-------+----------+-------------------------------------------
     0 | D:1      | H0rd4k the Octopode Artificer began the quest for the Orb.
     0 | D:1      | Reached XP level 1. HP: 13/13 MP: 1/1
   245 | D:1      | Found a faded altar of an unknown god.
   318 | D:1      | Reached XP level 2. HP: 17/18 MP: 3/3
   348 | D:1      | Found Niloufob's Magic Scroll Shop.
   447 | D:1      | Reached skill level 1 in Spellcasting
  1218 | D:2      | Reached XP level 3. HP: 18/24 MP: 3/5
  1614 | D:2      | Reached skill level 1 in Unarmed Combat
  2079 | D:2      | Reached XP level 4. HP: 29/29 MP: 6/6
  2081 | D:2      | Reached skill level 1 in Poison Magic
  2448 | D:3      | Noticed oneeeeegina's ghost (weakling DjFE)
  2478 | D:3      | Found a runed translucent gate.
  2478 | D:3      | Found a runed translucent gate.
  2479 | D:3      | Found a runed translucent gate.
  2664 | D:3      | Slain by an orc wizard

Illustrated notes

Levels and vault maps discovered:
D:1:      elethiomel_arrival_shortcut, layout_basic, serial_shops,
          nicolae_shop_window_shopping, dreamdust_ecumenical_altar_grove
D:2:      layout_rooms, minmay_lizard_king
D:3:      layout_basic, mainiacjoe_overflow_catwalk, minitemple,
          gammafunk_ghost_icy

Skill      XL: |  1  2  3  4 |
---------------+-------------+-----
Spellcasting   | 1 |  1.8
Fighting       | 2 |  2.3
Unarmed Combat | 1 |  1.2
Poison Magic   | 1 |  1.2
Staves         | |  0.9
Dodging        | |  2.3
Stealth        | |  1.3
Evocations     | |  3.2

Action                   |  1- 3 |  4- 6 || total
-------------------------+-------+-------++-------
Melee: Unarmed           |    35 |       ||    35
       Constrict         |    22 |     6 ||    28
       Tentacles         |    14 |     4 ||    18
       Staff             |    44 |    32 ||    76
  Use: Potion            |       |     1 ||     1
 Stab: Sleeping          |     4 |     1 ||     5
Armor: Skin              |     7 |     4 ||    11
Dodge: Dodged            |    54 |    15 ||    69
